 Dungeon Crawl Stone Soup version 0.30.1-4-g462c640d31 (webtiles) character file.

Game seed: 1363156569989297422

84763 Peloso the Fencer (level 15, -20/145 HPs)
             Began as a Minotaur Fighter on Sept 16, 2023.
             Was the Champion of Okawaru.
             Demolished by an orc warrior
             ... wielding a +0 glaive
             ... led by Saint Roka
              (26 damage)
             ... on level 2 of the Orcish Mines.
             The game lasted 00:55:26 (19590 turns).

Peloso the Fencer (Minotaur Fighter)               Turns: 19590, Time: 00:55:27

Health: -20/145    AC: 20    Str: 27    XL:     15   Next: 36%
Magic:  15/15      EV: 13    Int:  5    God:    Okawaru [******]
Gold:   2459       SH: 22    Dex: 23    Spells: 14/14 levels left

rFire   + . .        a - +7 double sword "Ucvir" {heavy, *Slow rPois rN+}
rCold   + + .        d - +2 tower shield of the Circus Animal {Regen+}
rNeg    + . .        h - +1 chain mail
rPois   +            W - +1 hat
rElec   .            G - +1 cloak
rCorr   .            L - +0 pair of fencer's gloves {Riposte Dex+3}
SInv    .            (no boots)
Will    ++...        F - amulet of the Evening {*Slow rPois rF+ rC+ Regen+ Str+4} Stlth
                     k - ring of willpower
HPRegen 2.04/turn    U - ring of Secrets {rC+ Dex+5}
MPRegen 0.14/turn

%: slow self (2%)
@: no status effects
A: horns 2, retaliatory headbutt
a: Renounce Religion, Heroism, Finesse, Duel


You were on level 2 of the Orcish Mines.
You worshipped Okawaru.
Okawaru was exalted by your worship.
You visited 4 branches of the dungeon, and saw 20 of its levels.
You also visited: Ossuary, Bailey and Gauntlet.

You collected 2898 gold pieces.
You spent 439 gold pieces at shops.

Inventory:

Hand Weapons
 a - the +7 double sword "Ucvir" (weapon) {heavy, *Slow rPois rN+}
   (You took it off an orc knight on level 10 of the Dungeon)

   rPois:     It protects you from poison.
   rN:        It protects you from negative energy.
   *Slow:     It may slow you when you take damage.
 b - a +3 scimitar of flaming
Armour
 d - the +2 tower shield of the Circus Animal (worn) {Regen+}
   (Okawaru gifted it to you on level 5 of the Lair of Beasts)

   Regen:     It increases your rate of health regeneration.
 e - the +1 buckler of Trial and Error {rF+ rCorr Int+2}
   (You found it on level 4 of the Lair of Beasts)

   Int:       It affects your intelligence (+2).
   rF:        It protects you from fire.
   rCorr:     It protects you from acid and corrosion.
 h - a +1 chain mail (worn)
 G - a +1 cloak (worn)
 L - the +0 pair of fencer's gloves (worn) {Riposte Dex+3}
   (You acquired it in an ossuary)

   Riposte:   It allows the wearer to riposte with melee weapons, swiftly
   retaliating against missed or blocked melee attacks.
   Dex:       It affects your dexterity (+3).
 W - a +1 hat (worn)
Jewellery
 g - a ring of poison resistance
 k - a ring of willpower (left hand)
 m - a +4 ring of slaying
 F - the amulet of the Evening (around neck) {*Slow rPois rF+ rC+ Regen+ Str+4}
   (You acquired it in an ossuary)

   [amulet of regeneration]

   Str:       It affects your strength (+4).
   rF:        It protects you from fire.
   rC:        It protects you from cold.
   rPois:     It protects you from poison.
   Regen:     It increases your rate of health regeneration.
   *Slow:     It may slow you when you take damage.
 I - a +6 ring of dexterity
 U - the ring of Secrets (right hand) {rC+ Dex+5}
   (You took it off an orc knight on level 10 of the Dungeon)

   [ring of protection from cold]

   Dex:       It affects your dexterity (+5).
   rC:        It protects you from cold.
 X - a ring of see invisible
Scrolls
 f - a scroll of acquirement
 i - 6 scrolls of immolation
 n - 3 scrolls of magic mapping
 u - a scroll of blinking
 y - 2 scrolls of poison
 z - 4 scrolls of enchant armour
 B - 6 scrolls of teleportation
 E - 7 scrolls of fear
Potions
 j - 4 potions of haste
 p - 5 potions of berserk rage
 s - 12 potions of curing
 v - 7 potions of mutation
 A - 3 potions of heal wounds
 D - 6 potions of flight
 O - 4 potions of invisibility
 R - 2 potions of resistance
 Y - a potion of might


   Skills:
 + Level 16.7 Fighting
 + Level 18.9 Long Blades
 + Level 16.1 Armour
 + Level 7.0 Dodging
 + Level 1.2 Stealth
 + Level 12.7 Shields
 + Level 2.3 Invocations
 + Level 0.8 Evocations


You had 14 spell levels left.
You didn't know any spells.
Your spell library contained the following spells:

 Spells                   Type           Power      Damage    Failure   Level
 Foxfire                  Conj/Fire      0%         2x1d4     99%         1
 Magic Dart               Conj           0%         1d3       99%         1
 Sandblast                Erth           0%         2d4       99%         1
 Slow                     Hex            0%         N/A       99%         1
 Sting                    Tmut/Pois      0%         1d3       99%         1
 Passwall                 Tmut/Erth      0%         N/A       99%         2
 Poisonous Vapours        Pois/Air       0%         N/A       99%         2
 Confusing Touch          Hex            0%         N/A       100%        3
 Dazzling Flash           Conj/Hex       0%         N/A       100%        3
 Mephitic Cloud           Conj/Pois/Air  0%         N/A       100%        3
 Stone Arrow              Conj/Erth      0%         3d7       100%        3
 Vampiric Draining        Necr           0%         2d6       100%        3
 Volatile Blastmotes      Fire/Tloc      0%         2d10      100%        3
 Iskenderun's Mystic Bla  Conj/Tloc      0%         2d3       100%        4
 Olgreb's Toxic Radiance  Pois           0%         N/A       100%        4
 Passage of Golubria      Tloc           0%         N/A       100%        4
 Blade Hands              Tmut           0%         N/A       100%        5
 Fireball                 Conj/Fire      0%         3d3       100%        5
 Silence                  Hex/Air        0%         N/A       100%        5
 Iron Shot                Conj/Erth      0%         9d1       100%        6
 Plasma Beam              Fire/Air       0%         2x1d11    100%        6
 Starburst                Conj/Fire      0%         6d3       100%        6
 Lehudib's Crystal Spear  Conj/Erth      0%         10d2      100%        8
 Call Imp                 Summ           Unusable   N/A       N/A         2
 Animate Armour           Summ/Erth      Unusable   N/A       N/A         4

Dungeon Overview and Level Annotations

Branches:
Dungeon (12/15) Temple (1/1) D:5 Lair (5/5) D:10 Swamp (0/4) Lair:3 Spider (0/4) Lair:2 Slime (0/5) Lair:5 Orc (2/2) D:11 Elf (0/3) Orc:1 Orc:2 Ossuary (visited) Bailey (visited) Gauntlet (visited)

Altars:
Ashenzari
Cheibriados
Dithmenos
Elyvilon
Fedhas
Gozag
Hepliaklqana
Kikubaaqudgha
Makhleb
Nemelex Xobeh
Okawaru
Qazlal
Ru
Sif Muna
Trog
Uskayaw
Vehumet
Wu Jian
Xom
Yredelemnul
Zin
The Shining One

Shops:
D:2 *   D:4 (   D:11 ?   D:12 !   Orc:2 (:*!

Portals:
Trove: D:11 (show slimy rune of Zot)

Annotations:
D:4 1 runed translucent door, jaiteiro's ghost, novice OpEE
Lair:2 1 runed translucent door
Orc:2 Saint Roka


Innate Abilities, Weirdness & Mutations

You have a pair of horns on your head.
You reflexively headbutt those who attack you in melee.


Message History

Something hits you!
You slice Saint Roka!!
Saint Roka is moderately wounded.
You block Saint Roka's attack. You block the orc warrior's attack.
The orc warrior hits you but does no damage.
You block the orc warrior's attack. You block Saint Roka's attack.
The orc warrior hits you from afar with a +0 glaive!
* * * LOW HITPOINT WARNING * * *
Something hits you!
* * * LOW HITPOINT WARNING * * *
The orc warrior barely misses you. You furiously retaliate!
You headbutt the orc warrior!
The orc warrior hits you but does no damage.
You hit Saint Roka but do no damage.
Saint Roka is moderately wounded.
Saint Roka mumbles some strange prayers to Beogh against you.
Beogh smites you!
* * * LOW HITPOINT WARNING * * *
You block the orc warrior's attack. x3
You barely miss Saint Roka.
Saint Roka is moderately wounded.
You hear some strange, mumbled words.
Something tries to affect you, but you resist.
You block the orc warrior's attack. x2; You riposte.
You barely miss the orc warrior. Your headbutt misses the orc warrior.
The orc warrior is moderately wounded.
You block the orc warrior's attack.
Saint Roka mumbles some strange prayers to Beogh against you.
Beogh smites you!
* * * LOW HITPOINT WARNING * * *
Something hits you but does no damage.
You open Saint Roka like a pillowcase!!!
Saint Roka is heavily wounded.
You block Saint Roka's attack.
You riposte.
You slice Saint Roka like a ripe choko!!!
You headbutt Saint Roka, but do no damage.
Saint Roka is almost dead.
The orc warrior hits you but does no damage.
The orc warrior hits you from afar with a +0 glaive!!
You die...

..$# $... .... .... ....
## .... ##.### .....O.T
...#...)## ......O
.....oo{<# ...∩OOO
.....##@># ....O.
.....#.o..# ###.T.
###....o.......
###.O###.#..............
#..OT#.....$............
#.)†###.$...............
###.).####....#.........$
#.#ooo.##.#....#.........
....Oo.#oo..o.....


You could see Saint Roka and 3 orc warriors.

Vanquished Creatures
  Jorgrun (Orc:1)
  Gastronok (Lair:2)
  Nessos (Lair:4)
  A minotaur (Gauntlet)
  3 dire elephants (Lair:5)
  Snorg (Lair:4)
  A fire dragon (Lair:1)
  2 hydras
  Erolcha (Orc:1)
  A ghost crab (Lair:3)
  A hell beast (Gauntlet)
  3 boulder beetles
  A catoblepas (Lair:3)
  An ogre mage (Orc:2)
  2 death scarabs (Gauntlet)
  10 two-headed ogres
  2 death yaks (Lair:5)
  An orc high priest (Orc:2)
  A soul eater (D:9)
  A sun demon (D:9)
  3 spectral death yaks
  Amaemon (Lair:1)
  A skyshark (Lair:3)
  A spectral anaconda (Lair:5)
  2 deep trolls
  An obsidian statue (Lair:5)
  3 necromancers (Lair:5)
  2 orc knights
  A deep elf pyromancer (D:12)
  An ugly thing (D:12)
  2 orc sorcerers
  Maurice (Orc:2)
  3 cyclopes
  7 black mambas
  11 elephants (Lair:5)
  A dire elephant zombie (Lair:5)
  A torpor snail (Lair:5)
  8 cane toads
  A dire elephant skeleton (Lair:5)
  A gargoyle (D:12)
  15 komodo dragons
  3 rime drakes
  An orange demon (Lair:1)
  2 unseen horrors
  An efreet (D:10)
  5 kobold demonologists
  A red devil (D:8)
  A queen bee (Gauntlet)
  2 hellwings (D:9)
  Prince Ribbit (D:9)
  13 trolls
  A polar bear (Lair:2)
  A spectral dream sheep (Gauntlet)
  A dream sheep (Lair:2)
  6 blink frogs (Lair:3)
  3 spectral elephants
  14 flying skulls (Gauntlet)
  8 slime creatures
  2 shadows
  Sigmund (D:2)
  A wraith (Ossuary)
  A vampire (D:11)
  A spectral komodo dragon (Lair:3)
  2 wyverns
  65 yaks
  Grum (D:9)
  7 basilisks
  A steam dragon (Lair:4)
  A chaos spawn (D:9)
  A human (Lair:2)
  7 vampire mosquitoes
  A death yak simulacrum (Lair:5)
  2 spectral cane toads
  Edmund (D:5)
  6 wargs
  An acid dragon (D:9)
  A spectral polar bear (Lair:3)
  7 water moccasins
  A hell hound (Gauntlet)
  15 orc warriors
  An elephant zombie (Lair:5)
  2 sky beasts
  3 black bears
  A boggart (D:10)
  21 ogres
  3 centaurs
  2 spectral rime drakes (Lair:3)
  An elephant skeleton (Lair:5)
  15 wolves
  A phantom (D:5)
  4 kobold brigands
  An elf zombie (D:4)
  12 bullfrogs
  2 elf skeletons (D:4)
  9 scorpions
  2 cane toad simulacra (Lair:5)
  17 wights
  An elephant simulacrum (Lair:5)
  4 killer bees (Gauntlet)
  7 electric eels (D:11)
  8 howler monkeys
  11 orc priests
  9 jellies
  3 hounds
  2 iguanas
  Jessica (D:12)
  A human skeleton (D:4)
  Natasha (thrice) (D:2)
  14 hell rats
  24 orc wizards
  A mummy (Ossuary)
  2 adders (D:6)
  A shadow imp (D:6)
  A white imp (D:5)
  3 ufetubi
  5 worms
  4 dart slugs
  65 orcs
  9 ball pythons
  17 bats
  10 endoplasms
  6 giant cockroaches
  16 goblins
  7 hobgoblins
  6 jackals
  5 quokkas
  2 frilled lizards
  9 gnoll skeletons (Ossuary)
  34 kobolds
  5 kobold skeletons (Ossuary)
  13 orc skeletons
  6 rats
705 creatures vanquished.

Notes
Turn   | Place    | Note
-------+----------+-------------------------------------------
     0 | D:1      | Peloso the Minotaur Fighter began the quest for the Orb.
     0 | D:1      | Reached XP level 1. HP: 19/19 MP: 0/0
   144 | D:1      | Reached XP level 2. HP: 23/27 MP: 1/1
   317 | D:1      | Reached skill level 3 in Long Blades
   787 | D:2      | Reached XP level 3. HP: 33/33 MP: 2/2
   800 | D:2      | Found a faded altar of an unknown god.
   822 | D:2      | Found Wutzacir's Assorted Antiques.
   830 | D:2      | Bought a scroll labelled AMEGYCU OSIDEEM for 27 gold pieces
   951 | D:2      | Noticed Natasha
   960 | D:2      | Killed Natasha
  1091 | D:2      | Reached XP level 4. HP: 40/41 MP: 3/3
  1138 | D:2      | Noticed Natasha
  1152 | D:2      | Killed Natasha
  1363 | D:2      | Noticed Natasha
  1373 | D:2      | Killed Natasha
  1374 | D:2      | Reached skill level 4 in Long Blades
  1527 | D:2      | Noticed Sigmund
  1564 | D:2      | Killed Sigmund
  1564 | D:2      | HP: 2/41 [poisoned by Sigmund]
  1565 | D:2      | Reached skill level 5 in Long Blades
  1565 | D:2      | Reached skill level 1 in Dodging
  1565 | D:2      | Reached XP level 5. HP: 2/47 MP: 4/4
  1565 | D:2      | Reached XP level 6. HP: 3/53 MP: 5/5
  2231 | D:3      | Reached skill level 5 in Armour
  2975 | D:2      | Bought a sapphire potion for 24 gold pieces
  2975 | D:2      | Bought a scroll labelled JYSIYR UTUIZAV for 27 gold pieces
  3065 | D:4      | Reached skill level 5 in Fighting
  3065 | D:4      | Reached skill level 6 in Long Blades
  3127 | D:4      | Found Icaal's Antique Weapon Shoppe.
  3355 | D:4      | Reached XP level 7. HP: 61/61 MP: 6/6
  3394 | D:4      | Found a sand-covered staircase.
  3410 | D:4      | Reached skill level 7 in Long Blades
  3413 | Ossuary  | Entered an ossuary
  3413 | Ossuary  | Noticed a wraith
  3413 | Ossuary  | Noticed a wraith
  3413 | Ossuary  | Noticed a wraith
  3482 | Ossuary  | Noticed a wraith
  3505 | Ossuary  | Killed a wraith
  3693 | Ossuary  | Identified 2 scrolls of acquirement
  3693 | Ossuary  | Acquired the amulet of the Evening {*Slow rPois rF+ rC+
                  | Regen+ Str+4}
  3812 | D:4      | Found a runed translucent door.
  3816 | D:4      | Noticed jaiteiro's ghost (novice OpEE)
  4472 | D:5      | Entered Level 5 of the Dungeon
  4521 | D:5      | Reached skill level 5 in Shields
  4569 | D:5      | Reached skill level 8 in Long Blades
  4569 | D:5      | Reached XP level 8. HP: 70/70 MP: 7/7
  4622 | D:5      | Killed an unseen horror
  4660 | D:5      | Reached skill level 9 in Long Blades
  4740 | D:5      | Noticed Edmund
  4748 | D:5      | Killed Edmund
  4824 | D:5      | Found a staircase to the Ecumenical Temple.
  4836 | Temple   | Entered the Ecumenical Temple
  5011 | Temple   | Became a worshipper of Warmaster Okawaru
  5056 | D:5      | Found a white marble altar of Elyvilon.
  5082 | D:5      | Found a bloodstained altar of Trog.
  5308 | D:6      | Reached skill level 10 in Long Blades
  5561 | D:6      | Reached XP level 9. HP: 79/79 MP: 8/8
  6158 | D:7      | Reached * piety under Okawaru
  6161 | D:7      | Reached skill level 11 in Long Blades
  6499 | D:8      | Found a flagged portal.
  6518 | Bailey   | Entered a bailey
  6522 | Bailey   | Acquired the +0 pair of fencer's gloves {Riposte Dex+3}
  6522 | Bailey   | Found the +0 pair of fencer's gloves {Riposte Dex+3}
  6631 | Bailey   | Noticed an orc knight
  6699 | Bailey   | Killed an orc knight
  6699 | Bailey   | Reached ** piety under Okawaru
  6700 | Bailey   | Reached skill level 12 in Long Blades
  6700 | Bailey   | Reached XP level 10. HP: 68/88 MP: 7/9
  7084 | D:4      | Bought a masterwork mace for 200 gold pieces
  7084 | D:4      | Identified the +2 mace "Ekivat" {freeze, rC+ Int+4 SInv}
                  | (You bought it in a shop on level 4 of the Dungeon)
  8070 | D:9      | Reached *** piety under Okawaru
  8076 | D:9      | Reached skill level 1 in Invocations
  8227 | D:9      | Noticed a sun demon
  8246 | D:9      | Killed a sun demon
  8246 | D:9      | Reached **** piety under Okawaru
  8305 | D:8      | Reached skill level 13 in Long Blades
  8322 | D:8      | Reached skill level 10 in Armour
  8379 | D:9      | Noticed Grum
  8381 | D:9      | Noticed Prince Ribbit
  8385 | D:9      | Killed Grum
  8385 | D:9      | Noticed a soul eater
  8411 | D:9      | Reached skill level 10 in Fighting
  8416 | D:9      | Reached XP level 11. HP: 32/99 MP: 9/11
  8568 | D:9      | Killed a soul eater
  8701 | D:9      | Killed Prince Ribbit
  8904 | D:10     | Entered Level 10 of the Dungeon
  9105 | D:10     | Noticed a two-headed ogre
  9117 | D:10     | Killed a two-headed ogre
  9225 | D:10     | Identified the +11 spear of the Jolly Moons {venom, rF+
                  | Dex+2}
  9228 | D:10     | Reached ***** piety under Okawaru
  9247 | D:10     | Identified the +7 double sword "Ucvir" {heavy, *Slow rPois
                  | rN+}
  9247 | D:10     | Identified the ring of Secrets {rC+ Dex+5}
  9247 | D:10     | Noticed an orc knight
  9272 | D:10     | Killed an orc knight
  9286 | D:10     | Noticed a boulder beetle
  9287 | D:10     | You fall into a shaft and drop 2 floors!
  9417 | D:12     | Reached skill level 14 in Long Blades
  9518 | D:12     | Identified the scarf of Dogma {repulsion, rF++} (Okawaru
                  | gifted it to you on level 12 of the Dungeon)
  9518 | D:12     | Received a gift from Okawaru
  9607 | D:11     | Found Banlug's Magic Scroll Boutique.
  9610 | D:11     | Found a gate leading to a gauntlet.
  9619 | Gauntlet | Entered a Gauntlet
  9619 | Gauntlet | Found a transporter.
  9627 | Gauntlet | Found a transporter.
  9630 | Gauntlet | Found a transporter.
  9631 | Gauntlet | Found a transporter.
  9673 | Gauntlet | Acquired 683 gold pieces
  9684 | Gauntlet | Found a transporter.
  9705 | Gauntlet | Found a transporter.
  9706 | Gauntlet | Found a transporter.
  9712 | Gauntlet | Noticed a death scarab
  9712 | Gauntlet | Found a runed translucent door.
  9713 | Gauntlet | Found a runed translucent door.
  9713 | Gauntlet | Noticed a death scarab
  9729 | Gauntlet | Found a transporter.
  9729 | Gauntlet | Found a transporter.
  9729 | Gauntlet | Found a transporter.
  9734 | Gauntlet | Killed a death scarab
  9738 | Gauntlet | Reached XP level 12. HP: 85/110 MP: 10/12
  9740 | Gauntlet | Killed a death scarab
  9757 | Gauntlet | Found a runed translucent gate.
  9757 | Gauntlet | Found a runed translucent gate.
  9757 | Gauntlet | Found a runed translucent gate.
  9759 | Gauntlet | Found a transporter.
  9761 | Gauntlet | Found a transporter.
  9762 | Gauntlet | Found a transporter.
  9773 | Gauntlet | Reached skill level 15 in Long Blades
  9784 | Gauntlet | Noticed a hell beast
 10067 | Gauntlet | Found a runed translucent door.
 10068 | Gauntlet | Found a transporter.
 10073 | Gauntlet | Killed a hell beast
 10134 | Gauntlet | Noticed a minotaur
 10147 | Gauntlet | Killed a minotaur
 10155 | Gauntlet | Identified the +1 pair of gloves of the Lobster {Will+
                  | Str-5 Dex+8 SInv}
 10201 | D:11     | Found a portal to a secret trove of treasure.
 10285 | D:11     | Found a staircase to the Orcish Mines.
 10431 | D:11     | Noticed a boulder beetle
 10436 | D:11     | Reached skill level 16 in Long Blades
 10442 | D:11     | Killed a boulder beetle
 10505 | D:11     | Bought a scroll of magic mapping for 105 gold pieces
 10505 | D:11     | Bought a scroll of identify for 28 gold pieces
 10505 | D:11     | Bought a scroll of identify for 28 gold pieces
 11156 | D:10     | Found a staircase to the Lair.
 11247 | D:10     | Noticed a two-headed ogre
 11250 | D:10     | Killed a two-headed ogre
 11282 | D:10     | Found a blossoming altar of Fedhas.
 11291 | D:10     | Found a shimmering blue altar of Sif Muna.
 11298 | D:10     | Found a stormy altar of Qazlal.
 11512 | D:10     | Killed a boulder beetle
 11512 | D:10     | Reached ****** piety under Okawaru
 11602 | Lair:1   | Entered Level 1 of the Lair of Beasts
 11638 | D:10     | Reached XP level 13. HP: 92/119 MP: 13/13
 11751 | Lair:1   | Noticed Amaemon
 11778 | Lair:1   | Killed Amaemon
 11883 | Lair:1   | Identified the +6 short sword of Midwinter {holy, *Slow
                  | rElec Int+7}
 11971 | Lair:1   | Identified the +10 quick blade of the Omega Point {venom,
                  | *Noise Will++ Int+2 SInv} (Okawaru gifted it to you on
                  | level 1 of the Lair of Beasts)
 11971 | Lair:1   | Received a gift from Okawaru
 11979 | Lair:1   | Reached skill level 17 in Long Blades
 12227 | Lair:1   | Noticed a fire dragon
 12242 | Lair:1   | Killed a fire dragon
 12243 | Lair:1   | Reached skill level 5 in Dodging
 12256 | Lair:1   | Reached skill level 10 in Shields
 12529 | Lair:2   | Reached skill level 1 in Stealth
 12566 | Lair:2   | Noticed Gastronok
 12577 | Lair:2   | Killed Gastronok
 12616 | Lair:2   | Found a hole to the Spider Nest.
 13168 | Lair:2   | Found a runed translucent door.
 13175 | Lair:2   | Noticed a reaper
 13466 | Lair:3   | Received a gift from Okawaru
 13764 | Lair:3   | Found a staircase to the Swamp.
 14264 | Lair:4   | Identified the +1 buckler of Trial and Error {rF+ rCorr
                  | Int+2}
 14766 | Lair:4   | Noticed Nessos
 14951 | Lair:4   | Noticed Snorg
 14960 | Lair:4   | Killed Snorg
 14961 | Lair:4   | Reached XP level 14. HP: 130/133 MP: 14/14
 15026 | Lair:4   | Killed Nessos
 15605 | D:12     | Found Wuerrue's Distillery.
 15833 | D:12     | Found a sparkling altar of Nemelex Xobeh.
 15833 | D:12     | Noticed Jessica
 15835 | D:12     | Killed Jessica
 16099 | Lair:5   | Entered Level 5 of the Lair of Beasts
 16103 | Lair:5   | Received a gift from Okawaru
 16303 | Lair:5   | Reached skill level 15 in Armour
 16371 | Lair:5   | Reached skill level 15 in Fighting
 16440 | Lair:5   | Reached skill level 18 in Long Blades
 16468 | Lair:5   | Found a staircase to the Slime Pits.
 16691 | Lair:5   | Received a gift from Okawaru
 17031 | Lair:5   | Identified the +2 tower shield of the Circus Animal
                  | {Regen+} (Okawaru gifted it to you on level 5 of the Lair
                  | of Beasts)
 17031 | Lair:5   | Received a gift from Okawaru
 18044 | D:10     | Identified the amulet "Magire" {Spirit rF+ Will- Int+2}
 18221 | D:10     | Found a basalt altar of Yredelemnul.
 18360 | Orc:1    | Entered Level 1 of the Orcish Mines
 18360 | Orc:1    | You fall into a shaft and drop 1 floor!
 18360 | Orc:2    | Entered Level 2 of the Orcish Mines
 18360 | Orc:2    | Found Wiaff's Distillery.
 18360 | Orc:2    | Found a staircase to the Elven Halls.
 18363 | Orc:2    | Noticed Saint Roka
 18367 | Orc:2    | Noticed Maurice
 18372 | Orc:2    | Killed Maurice
 18385 | Orc:2    | Found Luaf's Assorted Antiques.
 18392 | Orc:2    | Reached XP level 15. HP: 43/144 MP: 12/15
 18394 | Orc:2    | Found Eskaf's Book Shop.
 18394 | Orc:2    | Found Wede's Antique Weapon Shop.
 18554 | Orc:1    | Noticed Erolcha
 18559 | Orc:1    | Killed Erolcha
 18786 | Orc:1    | Noticed Jorgrun
 18794 | Orc:1    | Killed Jorgrun
 18952 | Orc:2    | Identified the +1 long sword of Onnac {freeze, Stlth+}
                  | (Okawaru gifted it to you on level 2 of the Orcish Mines)
 18952 | Orc:2    | Received a gift from Okawaru
 19589 | Orc:2    | HP: 3/145 [Saint Roka/divine providence (17)]
 19590 | Orc:2    | Demolished by an orc warrior

Illustrated notes

Levels and vault maps discovered:
D:1:      dpeg_arrival_central, layout_basic, dreamdust_princess_corridor,
          chequers_arboretum, minmay_stone_trees_medium
D:2:      layout_rooms, serial_shops, nicolae_shop_trees, serial_corexii_hall,
          chequers_hall_statues_corner_a, chequers_hall_statues_wall_a,
          hellmonk_ecumenical_altar_slurped_away, kennysheep_big_empty_room,
          kennysheep_generic_room_15, uniq_sigmund, uniq_natasha
D:3:      layout_basic
D:4:      layout_basic, serial_shops, nicolae_stop_n_shop_1,
          hellmonk_ghost_happy_afterlife, nicolae_ossuary_entry_catacombs,
          grunt_ministairs_11
D:5:      layout_cave_pools, elyvilon_altar_4, kennysheep_mini,
          minmay_temple_entry_antechambers, minmay_misc_feat_room, minivault_11,
          uniq_edmund
D:6:      layout_loops_ring
D:7:      layout_rooms
D:8:      layout_cave_pods, enter_bailey_3
D:9:      layout_loops_ring, serial_demonic, serial_demonic_e, serial_demonic_e,
          serial_demonic_e, serial_demonic_a, uniq_prince_ribbit1, uniq_grum
D:10:     layout_basic, marbit_many_paths, minmay_overflow_temple_star_quad,
          erik_lair_orcish_takeover, minmay_the_grid_2x2
          [minmay_the_grid_minigrid_small, minmay_the_grid_garden,
          minmay_the_grid_slots, minmay_the_grid_prize_four_corners_diamond_a]
D:11:     layout_irregular_city, portal_ice_cave_rime, serial_shops, shop,
          nicolae_trove_entry_isolated, serial_bayou, serial_bayou_lake_a,
          serial_bayou_pond_a, serial_bayou_lagoon_a, serial_bayou_shore_b,
          gauntlet_entry_generic
D:12:     layout_gridville, serial_shops, shop_statue,
          nemelex_lonely_heart_becter
Temple:   nicolae_temple_slightly_damp_pantheon
Lair:1:   dragon1_lemuel, layout_misc_corridors, beast_lair_carwin_9,
          grunt_megastairs_2, uniq_amaemon
Lair:2:   layout_concentric_octagons, nicolae_spider_entry_non_spiders,
          pdpol_lair_cabin_in_the_woods, serial_bayou_shore_a,
          grunt_megastairs_4, uniq_gastronok
Lair:3:   layout_chaotic_city, nicolae_swamp_entry_spooky, grunt_megastairs_5
Lair:4:   layout_cave_pods, roderic_batcave, uniq_snorg, uniq_nessos
Lair:5:   due_jungle_book, layout_small_grid, nicolae_slime_entry_slimehenge,
          infiniplex_staircase_pool_2
Orc:1:    layout_caves, uniq_erolcha, uniq_jorgrun
Orc:2:    st_orc_open, layout_caves, serial_shops, nicolae_shop_crystal,
          uniq_saint_roka, uniq_maurice

Skill      XL: |  1  2  3  4  5  6  7  8  9 10 11 12 13 14 15 |
---------------+----------------------------------------------+-----
Fighting       | 4 5 6 7 8 10 11 12 14 16 | 16.7
Shields        | 4 5 6 7 8 9 10 11 12 | 12.7
Long Blades    | 3 5 6 8 10 12 13 14 16 17 18 | 18.9
Armour         | 4 5 7 8 10 12 13 14 15 16 | 16.1
Dodging        | 1 2 3 4 6 7 |  7.0
Invocations    | 1 2 |  2.3
Stealth        | 1 |  1.2
Evocations     | |  0.8

Action                     |  1- 3 |  4- 6 |  7- 9 | 10-12 | 13-15 || total
---------------------------+-------+-------+-------+-------+-------++-------
  Melee: Long sword        |    68 |   131 |   386 |   257 |       ||   842
         Headbutt          |    12 |    16 |    83 |   140 |   174 ||   425
         Double sword      |       |       |       |   185 |   540 ||   725
 Invoke: Heroism           |       |       |     1 |    10 |     1 ||    12
  Evoke: Wand              |       |     4 |     2 |     3 |       ||     9
    Use: Scroll            |     4 |     1 |     9 |    11 |    12 ||    37
         Potion            |     1 |     2 |     1 |     3 |     4 ||    11
 Armour: Scale mail        |    20 |       |       |       |       ||    20
         Chain mail        |    32 |    37 |   194 |   241 |   339 ||   843
  Dodge: Dodged            |    26 |    71 |   163 |   235 |   366 ||   861
  Block: Buckler           |    16 |    22 |    74 |   179 |   177 ||   468
         Tower shield      |       |       |       |       |   305 ||   305
Riposte: Long sword        |       |       |     6 |    50 |       ||    56
         Double sword      |       |       |       |    68 |   219 ||   287
